 Dungeon Crawl Stone Soup version 0.27.1-34-g3ba077fa99 (webtiles) character file.

Game seed: 13333503928312925974

105 DemonSlayer the Chopper (level 4, -8/35 HPs)
             Began as a Demonspawn Berserker on Jan 10, 2022.
             Was a Believer of Trog.
             Splashed by Ijyb's acid (13 damage)
             ... on level 3 of the Dungeon.
             The game lasted 00:06:25 (2655 turns).

DemonSlayer the Chopper (Demonspawn Berserker)      Turns: 2655, Time: 00:06:25

Health: -8/35      AC:  4    Str: 18    XL:     4   Next: 54%
Magic:  4/4        EV:  7    Int:  9    God:    Trog [**....]
Gold:   119        SH:  0    Dex: 12    Spells: 3/3 levels left

rFire    . . .     SeeInvis .   b - +0 war axe
rCold    . . .     Faith    .   (no shield)
rNeg     . . .     Spirit   .   v - +0 chain mail
rPois    .         Reflect  .   (helmet restricted)
rElec    .         Harm     .   r - +1 cloak
rCorr    .         Rampage  .   (no gloves)
Will     .....                  (no boots)
Stlth    ..........             (no amulet)
HPRegen  0.11/turn              j - ring of flight
MPRegen  0.09/turn              (no ring)

@: about to teleport, corroded, flying
A: horns 1, molten scales 1
a: Renounce Religion, Berserk, Trog's Hand


You were on level 3 of the Dungeon.
You worshipped Trog.
Trog was pleased with you.
You visited 1 branch of the dungeon, and saw 3 of its levels.

You collected 119 gold pieces.

Inventory:

Hand Weapons
 b - a +0 war axe (weapon)
Missiles
 o - 4 javelins
 s - 6 poisoned darts (quivered)
Armour
 r - a +1 cloak (worn)
 v - a +0 chain mail (worn)
Jewellery
 j - a ring of flight (left hand)
Wands
 u - a wand of flame (34)
Scrolls
 d - 2 scrolls of identify
 l - a scroll of blinking {unknown}
 m - a scroll of teleportation
 n - a scroll of fog {unknown}
 p - a scroll of acquirement {unknown}
 q - 3 scrolls of noise
Potions
 a - a potion of flight {unknown}
 c - a potion of mutation {unknown}
 e - a potion of curing {unknown}
 f - a potion of degeneration {unknown}
 g - a potion of haste {unknown}
 h - a potion of might {unknown}
 i - a potion of resistance {unknown}
 t - a potion of lignification {unknown}


   Skills:
 + Level 3.5 Fighting
 + Level 3.8 Axes
 + Level 2.2 Armour
 + Level 2.3 Dodging
 + Level 0.5 Stealth


You had 3 spell levels left.
You didn't know any spells.
Your spell library was empty.

Dungeon Overview and Level Annotations

Branches:
Dungeon (3/15)

Altars:
Okawaru

Shops:
D:3 :((

Annotations:
D:3 Ijyb


Innate Abilities, Weirdness & Mutations

You have a pair of small horns on your head.
You are partially covered in molten scales. (AC +2)


Message History

You throw a javelin. The javelin barely misses the goblin.
You kill the goblin!
Trog accepts your kill.
No target in view!
No target in view!
No target in view!
Found an iron altar of Okawaru.
s - a poisoned dart
Things that are here:
a +0 spear; a goblin corpse
o - 4 javelins (gained 1);
s - 6 poisoned darts (gained 5)
You see here a +0 spear.
Found 12 arrows.
You reach down and open the door.
Found a book of Minor Magic.
There is an open door here.
Found a scroll labelled MYOLAU OHODUQ.
d - 3 scrolls labelled MYOLAU OHODUQ (gained 1) Key pressed, stopping explore.
Found 14 gold pieces.
Ijyb the Twisted Goblin comes into view.
She is wielding a +0 dagger and carrying a wand of acid (9).
Ijyb shouts!
Ijyb moves out of view.
Found a stone staircase leading up.
Ijyb zaps a wand.
The bolt of acid hits you! The acid corrodes you!
You are splashed with acid!
* * * LOW HITPOINT WARNING * * *
Ijyb is nearby!
Ijyb is nearby!
Ijyb is nearby!
You are too injured to fight recklessly!
Okay, then.
As you read the scroll labelled MYOLAU OHODUQ, it crumbles to dust.
It is a scroll of identify.
q - 3 scrolls of noise
As you read the scroll labelled VUGAOSESOGA, it crumbles to dust.
You feel strangely unstable.
It was a scroll of teleportation.
Ijyb zaps a wand.
The bolt of acid hits you.
* * * LOW HITPOINT WARNING * * *
The acid corrodes you!
You are splashed with acid!
You die...

#.##+ .....###.. ....# # .......
#.### #. ...... #.###
#<.##$#.###.# ....# #.....g......
..# #.#.# # #. #.#####
#.#.###.#####.#. ....... .
#............... ....... ..
#..@....... #...#### ...###. ##.
#...###.### #.......
...###..##..##...###.###.#......#
................................#
#..###..###..#...................
........###..##.####.###.#....#.#
.)...............................
#..##...###.#.#.###############.#
.................###8###8###8#...


You could see Ijyb.

Vanquished Creatures
  An orc wizard (D:3)
  A worm (D:2)
  A dart slug (D:1)
  10 orcs (D:3)
  4 endoplasms
  3 giant cockroaches
  7 goblins
  4 hobgoblins
  9 kobolds
  5 quokkas
  5 ball pythons
  3 bats
  2 frilled lizards
  3 rats
58 creatures vanquished.

Notes
Turn   | Place    | Note
-------+----------+-------------------------------------------
     0 | D:1      | DemonSlayer the Demonspawn Berserker began the quest for
                  | the Orb.
     0 | D:1      | Reached XP level 1. HP: 18/18 MP: 1/1
    46 | D:1      | HP: 1/27 [kobold (3)]
   125 | D:1      | HP: 1/27 [hobgoblin (2)]
   131 | D:1      | Gained mutation: You have a pair of small horns on your
                  | head. [demonic ancestry]
   131 | D:1      | Reached XP level 2. HP: 2/24 MP: 2/2
  1120 | D:1      | Found a faded altar of an unknown god.
  1231 | D:1      | Reached XP level 3. HP: 26/29 MP: 3/3
  1233 | D:1      | Reached ** piety under Trog
  1284 | D:1      | You are sucked into a shaft and drop 1 floor!
  1778 | D:3      | Found Vamiv's Antique Weapon Shoppe.
  1785 | D:3      | Found Voakooz's Book Boutique.
  1946 | D:3      | Found Cabih's Antique Weapon Shop.
  2072 | D:3      | Gained mutation: You are partially covered in molten
                  | scales. (AC +2) [demonic ancestry]
  2072 | D:3      | Reached XP level 4. HP: 15/35 MP: 4/4
  2540 | D:3      | Found an iron altar of Okawaru.
  2649 | D:3      | Noticed Ijyb
  2655 | D:3      | Splashed by Ijyb's acid

Illustrated notes

Levels and vault maps discovered:
D:1:      evilmike_arrival_grusome_pit, layout_rooms,
          shapermc_ecumenical_altar_notcrosses, minmay_heptomino_h4
D:2:      layout_rooms
D:3:      layout_basic, kennysheep_okawaru_gauntlet, serial_shops, shop, shop,
          nicolae_shop_competitors_out_of_business, shop, shop,
          chequers_serial_rivers_room_a, minivault_5,
          corexii_hall_statues_deadend, uniq_ijyb

Skill      XL: |  1  2 |
---------------+-------+-----
Dodging        | 2 |  2.3
Axes           | 3 |  3.8
Armour         | 2 |  2.2
Fighting       | |  3.5
Stealth        | |  0.5

Action                   |  1- 3 |  4- 6 || total
-------------------------+-------+-------++-------
Melee: Hand axe          |    81 |       ||    81
       Headbutt          |    14 |     1 ||    15
       War axe           |    29 |    10 ||    39
Throw: Dart              |       |     9 ||     9
       Javelin           |       |     1 ||     1
Invok: Berserk           |     3 |       ||     3
  Use: Scroll            |       |     2 ||     2
Armor: Animal skin       |     7 |       ||     7
       Ring mail         |    22 |     2 ||    24
       Chain mail        |       |     5 ||     5
Dodge: Dodged            |    64 |     6 ||    70
